AoeStats
← nvxd

Fortress

509897809Analyzed
2v2 RM · 4d ago on Sep 28, 2026· 50m 54s· 4 players
Game mode
Random Map
Map size
Normal (6 player)
Population
200
Speed
Normal
Resources
Standard
Victory
Conquest
Starting age
Dark Age
Ending age
Imperial Age
RankedLock teamsTeams togetherTeam positionsShared explorationLock speedFull tech treeHidden civsTurbo modeCheats
Victory
Defeat
🇹🇼 Japanese · Taiwan
944
+16
🇹🇼 Khmer · Taiwan
942
+17
🇨🇿 Britons · Czechia
987
-18
🇩🇪 Bohemians · Germany
922
-33
Katzi2000
7:53 Feudal Age
9:12 Loom
9:56 Double-Bit Axe
9:56 Horse Collar
12:43 Castle Age
12:27 Wheelbarrow
14:22 Bow Saw
14:30 Heavy Plow
18:41 Hand Cart
23:06 Imperial Age
21:15 Fletching
24:27 Padded Archer Armor
26:31 Chemistry
26:00 Leather Archer Armor
25:40 Bodkin Arrow
28:26 Conscription
30:22 Loom
30:23 Town Watch
35:58 Wagenburg Tactics
36:09 Pikeman
37:25 Ring Archer Armor
37:27 Squires
37:33 Scale Mail Armor
37:45 Forging
37:44 Halberdier
43:02 Two-Man Saw
45:09 Masonry
45:20 Ballistics
45:12 Fortified Wall
48:07 Husbandry
48:20 Light Cavalry
50:19 Scale Barding Armor
50:51 Iron Casting
50:31 Chain Mail Armor
nvxd
9:11 Feudal Age
13:46 Castle Age
12:09 Double-Bit Axe
12:07 Horse Collar
13:00 Fletching
13:40 Loom
14:52 Bow Saw
14:28 Crossbowman
15:58 Padded Archer Armor
18:21 Bodkin Arrow
19:22 Heavy Plow
22:13 Ballistics
25:16 Wheelbarrow
26:00 Pikeman
26:40 Squires
32:22 Imperial Age
30:39 Scale Mail Armor
30:56 Leather Archer Armor
30:42 Town Watch
32:40 Onager
33:04 Arbalester
33:11 Halberdier
33:37 Arson
33:56 Bracer
34:12 Chain Mail Armor
34:07 Forging
34:28 Ring Archer Armor
34:43 Caravan
36:44 Hand Cart
36:29 Town Patrol
36:02 Elite Longbowman
37:39 Iron Casting
37:34 Plate Mail Armor
38:20 Chemistry
37:25 Siege Engineers
37:31 Masonry
38:27 Yeomen
38:29 Conscription
39:46 Warwolf
41:59 Blast Furnace
41:04 Scale Barding Armor
43:29 Hoardings
44:26 Architecture
44:02 Siege Engineers
43:52 Murder Holes
43:38 Treadmill Crane
44:03 Sappers
chen
5:39 Loom
7:27 Feudal Age
8:23 Double-Bit Axe
14:28 Castle Age
12:19 Horse Collar
12:58 Gold Mining
16:10 Bow Saw
17:54 Husbandry
18:53 Wheelbarrow
19:05 Bloodlines
20:48 Heavy Plow
26:36 Imperial Age
27:42 Conscription
27:40 Double Crossbow
28:50 Fletching
29:01 Padded Archer Armor
28:45 Cavalier
28:59 Heavy Scorpion
31:05 Crop Rotation
31:07 Ballistics
30:49 Bodkin Arrow
31:28 Forging
32:35 Bracer
33:46 Masonry
34:35 Iron Casting
34:06 Scale Barding Armor
34:20 Siege Engineers
42:23 Chemistry
41:55 Architecture
46:19 Blast Furnace
45:40 Chain Barding Armor
50:21 Plate Barding Armor
Autumn
1:28 Loom
7:34 Feudal Age
8:06 Double-Bit Axe
8:11 Horse Collar
13:30 Castle Age
11:38 Gold Mining
12:16 Scale Mail Armor
12:55 Forging
15:10 Wheelbarrow
14:57 Stone Mining
15:22 Heavy Plow
18:23 Arson
18:38 Squires
23:39 Iron Casting
23:45 Hand Cart
27:59 Imperial Age
25:56 Chain Mail Armor
27:24 Gambesons
29:05 Conscription
29:44 Gold Shaft Mining
29:55 Plate Mail Armor
31:12 Blast Furnace
31:43 Bow Saw
31:28 Elite Samurai
32:44 Fletching
35:19 Bodkin Arrow
35:25 Padded Archer Armor
35:22 Elite Skirmisher
36:12 Bracer
36:43 Ballistics
36:05 Treadmill Crane
37:25 Chemistry
37:17 Leather Archer Armor
39:24 Ring Archer Armor
Connection lost

Rejoining the realm…

Still unreachable

The connection could not be restored.

Session expired

The server has moved on; the page needs a fresh start.